cohdb
Replays
Latest Replays
All Replays
Popular Replays
Top Player Replays
Match Explorer
How It Works
Community
CoH3 Stats
Reddit
Sign in to upload your games and track your stats! →
Sign in with Steam
Match 36755143
Unlisted
Match 36755143
Overview
Messages
Build Orders
End
Construct Barracks
Selects Special Operations Battlegroup
Selects M29 Weasel Recon Vehicle
Selects M29 Weasel Recon Vehicle
Selects M29 Weasel Recon Vehicle
M29 Weasel Recon Vehicle
Riflemen Squad
Riflemen Squad
Construct Medical Station
Air Support Center
Construct Weapon Support Center
M3 Armored Personnel Carrier
Riflemen Squad
M1918 Browning Automatic Rifles
Grenade Package
Selects Raiding Flares
Selects SSF Commando Squad
SSF Commando Squad
Raiding Flares
Construct Tank Depot
anethma
Competitor
Noxrige
Izzy
Mr.Faraam
MiniMitMit
0
0
Comments
sign in to comment!
No comments posted yet!